 Dungeon Crawl Stone Soup version 0.22.1-1-ga44c0e5 (webtiles) character file.

1340 bloo the Destroyer (level 8, 0/40 (41) HPs)
             Began as a Deep Elf Conjurer on Oct 5, 2018.
             Was an Initiate of Vehumet.
             Shot with an arrow by a centaur (12 damage)
             ... on level 7 of the Dungeon.
             The game lasted 00:30:33 (8032 turns).

bloo the Destroyer (Deep Elf Conjurer)              Turns: 8032, Time: 00:30:34

HP:   0/40 (41)     AC:  3    Str:  5    XL:     8   Next: 35%
MP:   18/19         EV: 13    Int: 28    God:    Vehumet [......]
Gold: 330           SH:  0    Dex: 15    Spells: 9/19 levels left

rFire    . . .     SeeInvis .   p - +3 mace
rCold    . . .     Gourm    .   (no shield)
rNeg     . . .     Faith    .   a - +0 robe
rPois    .         Spirit   .   (no helmet)
rElec    .         Reflect  .   (no cloak)
rCorr    .         Harm     .   (no gloves)
MR       .....                  u - +0 pair of boots
Stlth    ++........             w - amulet of magic regeneration
HPRegen  0.13/turn              j - +5 ring of intelligence
MPRegen  0.41/turn              (no ring)

@: no status effects
A: no striking features
a: Renounce Religion


You were on level 7 of the Dungeon.
You worshipped Vehumet.
Vehumet was noncommittal.
You were very hungry.

You visited 2 branches of the dungeon, and saw 8 of its levels.

You collected 330 gold pieces.

Inventory:

Hand Weapons
 e - a +0 hand axe of venom
 n - a +1 dagger of draining
 o - a +2 quarterstaff of chaos
 p - a +3 mace (weapon)
Armour
 a - a +0 robe (worn)
 u - a +0 pair of boots (worn)
Jewellery
 j - a +5 ring of intelligence (left hand)
 t - an uncursed ring of protection from cold {unknown}
 w - an amulet of magic regeneration (around neck)
 A - a cursed ring of teleportation {unknown}
 B - an uncursed ring of ice {unknown}
Wands
 v - a wand of digging (4)
Scrolls
 b - 6 scrolls of identify
 d - 2 scrolls of random uselessness
 f - 3 scrolls of teleportation {unknown}
 g - 2 scrolls of enchant armour {unknown}
 h - 7 scrolls of remove curse
 i - a scroll of fear {unknown}
 q - 2 scrolls of amnesia {unknown}
 x - a scroll of blinking {unknown}
 y - a scroll of enchant weapon {unknown}
 C - a scroll of immolation {unknown}
 D - a scroll of acquirement {unknown}
Potions
 k - 4 potions of curing
 l - 2 potions of mutation {unknown}
 m - 2 potions of resistance {unknown}
 r - a potion of lignification {unknown}
 s - 2 potions of might {unknown}
 z - 2 potions of heal wounds {unknown}
Comestibles
 c - 16 rations


   Skills:
 - Level 2.4 Dodging
 - Level 2.4 Stealth
 - Level 6.0 Spellcasting
 + Level 11.1 Conjurations


You had 9 spell levels left.
You knew the following spells:

 Your Spells              Type           Power        Failure   Level  Hunger
a - Magic Dart            Conj           ####         1%          1    None
b - Searing Ray           Conj           ######       1%          2    None
c - Dazzling Spray        Conj/Hex       #####.       1%          3    None
d - Iskenderun's Mystic   Conj           ######..     1%          4    ###....

Your spell library contained the following spells:

 Spells                   Type           Power        Failure   Level  Hunger
 Throw Frost              Conj/Ice       #####.       1%          2    None
 Freeze                   Ice            #...         6%          1    None
 Force Lance              Conj/Tloc      #####...     6%          4    ###....
 Fulminant Prism          Conj/Hex       #####.....   6%          4    ###....
 Throw Icicle             Conj/Ice       #####...     6%          4    ###....
 Ozocubu's Armour         Chrm/Ice       #.......     19%         3    None
 Summon Ice Beast         Ice/Summ       #.......     52%         4    ###....


Dungeon Overview and Level Annotations

Branches:
Dungeon (7/15)             Temple (1/1) D:4

Altars:
Ashenzari
Cheibriados
Dithmenos
Elyvilon
Fedhas
Gozag
Hepliaklqana
Kikubaaqudgha
Makhleb
Nemelex Xobeh
Okawaru
Qazlal
Ru
Sif Muna
Trog
Uskayaw
Vehumet
Wu Jian
Xom
Yredelemnul
Zin
The Shining One

Shops:
D:4 %


Message History

Aiming: Magic Dart (safe; 1% risk of failure)
Press: ? - help, Shift-Dir - straight line, f/p - centaur
Aim: a centaur, wielding a shortbow (severely wounded)
The magic dart hits the centaur.
The centaur is almost dead.
The centaur shoots an arrow.
The arrow hits you!
* * * LOW HITPOINT WARNING * * *
A goblin comes into view. It is wielding a spear.
The centaur shoots an arrow.
The arrow closely misses you.
You start resting.
Magic restored.
Casting: Magic Dart (safe; 1% risk of failure)
Confirm with . or Enter, or press ? or * to list all spells.
Aiming: Magic Dart (safe; 1% risk of failure)
Press: ? - help, Shift-Dir - straight line, f/p - centaur
Aim: a centaur, wielding a shortbow (almost dead)
The magic dart hits the centaur.
The centaur is almost dead.
The centaur shoots an arrow.
The arrow barely misses you.
The centaur shoots an arrow.
The arrow hits you!
You die...

. # .. ####### ...
....... ... ...##.# ..
##.##.#### #.####
##.......# #..@.#
....#.##.# ####.#
##.....#.# #.# .##
##..####.########(#.....
..................c....c.
#####....#.######.##..#g#
##########..# #.# .#
##∩## ##...# #.# ≈≈
#._.## #....# #+# #.


You could see a centaur.

Vanquished Creatures
  A wraith (D:5)
  2 necrophages
  A phantom (D:4)
  A centaur (D:5)
  2 bullfrogs (D:6)
  A crimson imp (D:7)
  4 hounds
  An orc priest (D:6)
  Crazy Yiuf (D:3)
  A gnoll shaman (D:5)
  A centaur skeleton (D:4)
  An iguana (D:4)
  7 worker ants
  An orc wizard (D:6)
  A hound skeleton (D:7)
  A worker ant zombie (D:3)
  3 gnolls (D:5)
  10 adders
  An ooze (D:2)
  An adder zombie (D:6)
  2 worms
  2 dart slugs (D:2)
  4 leopard geckos
  12 orcs
  3 bats
  3 giant cockroaches
  7 goblins
  6 hobgoblins
  6 kobolds
  A quokka (D:3)
  2 ball pythons
  6 frilled lizards
  A giant cockroach zombie (D:3)
  A jackal zombie (D:5)
  3 quokka skeletons (D:4)
  6 rats
107 creatures vanquished.

Notes
Turn   | Place    | Note
-------+----------+-------------------------------------------
     0 | D:1      | bloo the Deep Elf Conjurer began the quest for the Orb.
     0 | D:1      | Reached XP level 1. HP: 10/10 MP: 6/6
   349 | D:1      | Reached XP level 2. HP: 14/15 MP: 1/8
   468 | D:1      | Learned a level 2 spell: Searing Ray
   539 | D:1      | Reached skill level 5 in Conjurations
   898 | D:2      | Reached XP level 3. HP: 15/19 MP: 6/9
  1604 | D:2      | Reached XP level 4. HP: 24/24 MP: 5/11
  1797 | D:2      | Learned a level 3 spell: Dazzling Spray
  1847 | D:2      | Found a faded altar of an unknown god.
  2419 | D:3      | Reached skill level 6 in Conjurations
  2626 | D:3      | Found a blossoming altar of Fedhas.
  2796 | D:3      | Found a runed door.
  2942 | D:3      | Noticed Crazy Yiuf
  2945 | D:3      | Killed Crazy Yiuf
  2945 | D:3      | Reached skill level 5 in Spellcasting
  2945 | D:3      | Reached XP level 5. HP: 28/28 MP: 9/14
  3656 | D:4      | Found Pisheuza's Food Shop.
  3717 | D:4      | Reached XP level 6. HP: 32/32 MP: 11/17
  3765 | D:4      | Learned a level 4 spell: Iskenderun's Mystic Blast
  4066 | D:4      | Reached skill level 7 in Conjurations
  4131 | D:4      | Found a staircase to the Ecumenical Temple.
  4356 | Temple   | Entered the Ecumenical Temple
  4421 | Temple   | Became a worshipper of Vehumet
  4827 | D:5      | Entered Level 5 of the Dungeon
  5021 | D:5      | Reached skill level 8 in Conjurations
  5273 | D:5      | Reached XP level 7. HP: 36/36 MP: 15/18
  5538 | D:5      | Noticed a wraith
  5558 | D:5      | Killed a wraith
  5558 | D:5      | Reached skill level 9 in Conjurations
  6650 | D:6      | Reached skill level 10 in Conjurations
  6890 | D:6      | Reached XP level 8. HP: 40/40 MP: 14/19
  7978 | D:7      | Found a burning altar of Makhleb.
  7983 | D:7      | Reached skill level 11 in Conjurations
  8032 | D:7      | Shot with an arrow by a centaur

Skill      XL: |  1  2  3  4  5  6  7  8 |
---------------+-------------------------+-----
Conjurations   | 5 6 8 10 11 | 11.1
Spellcasting   | 5 6 |  6.0
Dodging        | |  2.4
Stealth        | |  2.4

Action                   |  1- 3 |  4- 6 |  7- 9 || total
-------------------------+-------+-------+-------++-------
Melee: Unarmed           |     1 |       |       ||     1
 Cast: Magic Dart        |    52 |    87 |    37 ||   176
       Searing Ray       |     7 |    23 |    22 ||    52
       Iskenderun's Myst |       |     1 |       ||     1
  Use: Scroll            |     2 |     6 |     1 ||     9
  Eat: Chunk             |     2 |     8 |     7 ||    17
       Ration            |       |     1 |       ||     1
Armor: Robe              |       |     3 |     1 ||     4
Dodge: Dodged            |     9 |     5 |    17 ||    31
